 Dungeon Crawl Stone Soup version 0.29-a0-375-g5102b3be25 (webtiles) character file.

Game seed: 2636328249147285836

295 spaghetti the Covered (level 6, -14/44 HPs)
             Began as a Gnoll Wanderer on May 3, 2022.
             Demolished by an ogre
             ... wielding a +0 giant club
              (18 damage)
             ... on level 4 of the Dungeon.
             The game lasted 00:07:00 (3995 turns).

spaghetti the Covered (Gnoll Wanderer)              Turns: 3995, Time: 00:07:01

Health: -14/44     AC:  7    Str: 11    XL:     6   Next: 34%
Magic:  5/11       EV:  9    Int: 14    God:
Gold:   114        SH:  0    Dex: 11    Spells: 10/11 levels left

rFire   . . .      SeeInvis .   d - staff of death {!astaff}
rCold   . . .      Faith    .   (no shield)
rNeg    + . .      Spirit   .   b - +0 scale mail
rPois   .          Reflect  .   (no helmet)
rElec   .          Harm     .   f - scarf {+Inv}
rCorr   .          Rampage  .   (no gloves)
Will    .....                   (no boots)
Stlth   ..........              (no amulet)
HPRegen 0.14/turn               (no ring)
MPRegen 0.12/turn               (no ring)

@: no status effects
A: fangs 1, strong nose, distributed training
a: Evoke Invisibility


You were on level 4 of the Dungeon.
You visited 1 branch of the dungeon, and saw 4 of its levels.

You collected 114 gold pieces.


Innate Abilities, Weirdness & Mutations

You have very sharp teeth.
Your uncanny sense of smell can sniff out nearby items.
Your experience applies equally to all skills.


   Skills:
 + Level 1.9 Fighting
 + Level 1.9 Short Blades
 + Level 1.9 Long Blades
 + Level 1.9 Axes
 + Level 1.9 Maces & Flails
 + Level 1.9 Polearms
 + Level 1.9 Staves
 + Level 3.2 Slings
 + Level 1.9 Bows
 + Level 1.9 Crossbows
 + Level 3.2 Throwing
 + Level 6.8 Armour
 + Level 3.2 Dodging
 + Level 1.9 Stealth
 + Level 1.9 Shields
 + Level 1.9 Unarmed Combat
 + Level 3.4 Spellcasting
 + Level 1.5 Conjurations
 + Level 1.5 Hexes
 + Level 1.5 Summonings
 + Level 5.6 Necromancy
 + Level 1.5 Translocations
 + Level 1.5 Transmutations
 + Level 1.5 Fire Magic
 + Level 1.5 Ice Magic
 + Level 1.5 Air Magic
 + Level 1.5 Earth Magic
 + Level 1.5 Poison Magic
 + Level 2.1 Invocations
 + Level 1.9 Evocations


You had 10 spell levels left.
You knew the following spells:

 Your Spells              Type           Power      Damage    Failure   Level
a - Pain                  Necr           100%       1d9       10%         1

Your spell library contained the following spells:

 Spells                   Type           Power      Damage    Failure   Level
 Animate Skeleton         Necr           54%        N/A       10%         1
 Apportation              Tloc           12%        N/A       45%         1
 Summon Small Mammal      Summ           24%        N/A       45%         1
 Dispel Undead            Necr           27%        3d13      67%         4
 Anguish                  Hex/Necr       9%         N/A       91%         4

Inventory:

Hand Weapons
 a - a +0 hunting sling {sling}
 g - a +1 dagger of holy wrath {short}
   (You took it off a kobold on level 1 of the Dungeon)
 o - a +1 short sword of venom {short}
   (You took it off an orc on level 3 of the Dungeon)
 p - a +2 dagger of venom {short}
   (You took it off an orc wizard on level 3 of the Dungeon)
Missiles
 h - 117 stones {throwing}
 i - 10 poisoned darts {throwing}
Armour
 b - a +0 scale mail (worn)
 f - a scarf of invisibility (worn)
   (You found it on level 1 of the Dungeon)
Magical Staves
 d - a staff of death (weapon) {!astaff}
   (You found it on level 1 of the Dungeon)
Jewellery
 j - the ring "Quxtikav" {Fire rCorr}
   (You found it on level 2 of the Dungeon)

   [ring of fire]

   It enhances your fire magic.
   rF:        It protects you from fire.
   rC:        It makes you vulnerable to cold.
   rCorr:     It protects you from acid and corrosion.
 u - a ring of willpower
   (You found it on level 3 of the Dungeon)
Scrolls
 e - 5 scrolls of identify {@r1}
 l - a scroll of enchant armour {unknown}
 n - a scroll of teleportation {unknown}
 r - a scroll of immolation {unknown}
 t - a scroll of magic mapping {unknown}
 w - a scroll of brand weapon {unknown}
Potions
 c - 2 potions of attraction {!q}
 k - a potion of flight
 m - a potion of haste {unknown}
 q - a potion of heal wounds {unknown}
 s - a potion of experience {unknown}
 v - a potion of resistance {unknown}

Dungeon Overview and Level Annotations

Branches:
Dungeon (4/15)
 Temple: D:4-7

Altars:

Annotations:
D:3 3 runed translucent doors, Urgle's ghost, amateur GnFi

#.# #.#
#.# #.#
#.# #.#
###. #.#
.....
#.##......
#.@O......
####......
..... ....
... .. .


You could see an ogre.


Message History

Casting: Pain (safe; 1% risk of failure)
Confirm with . or Enter, or press ? or * to list all spells.
Aiming: Pain (safe; 1% risk of failure)
Press: ? - help, Shift-Dir - straight line You feel a surge of power!
Something writhes in agony!
Reactivating autopickup.
You feel a bit more experienced. 😕 MP[-1]
You lost 1 mp, and now have 3/11 mp.
Casting: Pain (safe; 1% risk of failure)
Confirm with . or Enter, or press ? or * to list all spells.
Aiming: Pain (safe; 1% risk of failure)
Press: ? - help, Shift-Dir - straight line You feel a surge of power!
Nothing appears to happen.
You feel less wooden.
Your scarf of invisibility unmelds from your body.
Your +0 scale mail unmelds from your body.
You become transparent for a moment. 😕 HP[-19] MP[-1]
You now have 44 max hp (-22).
You lost 1 mp, and now have 2/11 mp.
Casting: Pain (safe; 10% risk of failure)
Confirm with . or Enter, or press ? or * to list all spells.
Aiming: Pain (safe; 10% risk of failure)
Press: ? - help, Shift-Dir - straight line You feel a surge of power!
Nothing appears to happen.
Casting: Pain (safe; 10% risk of failure)
Confirm with . or Enter, or press ? or * to list all spells.
Aiming: Pain (safe; 10% risk of failure)
Press: ? - help, Shift-Dir - straight line You feel a surge of power!
Nothing appears to happen. 😕 HP[-1] MP[-1]
You take 1 damage, and now have 35/44 hp.
You lost 1 mp, and now have 1/11 mp.
Unknown command.
You start resting. 😎 HP[+9] MP[+7]
Your hp is fully restored (44).
You regained 7 mp, and now have 8/11 mp.
Things that are here:
a +0 dagger {short}; a +0 robe; 😎 MP[+3]
Your mp is fully restored (11).
Things that are here:
a +0 mace {mace}; a +0 leather armour; an orc corpse
m - a murky blue potion
Things that are here:
a +0 dagger {short}; a +0 robe
Found a stone staircase leading down.
You now have 114 gold pieces (gained 7).
Key pressed, stopping explore.
Things that are here:
a +0 dagger {short}; a +0 robe You open the door.
An ogre comes into view. It is wielding a +0 giant club.
The ogre shouts!
An ogre is nearby!
An ogre is nearby!
Unknown command.
You feel a surge of power!
The ogre writhes in agony! 😕 HP[-1] MP[-1]
You take 1 damage, and now have 43/44 hp.
You lost 1 mp, and now have 10/11 mp.
You feel a surge of power!
The ogre writhes in agony.
You feel a surge of power!
The ogre writhes in agony.
You barely miss the ogre. You bite the ogre, but do no damage.
The ogre hits you with a +0 giant club! 😮 HP[-12] MP[-2]
You take 12 damage, and now have 31/44 hp.
MASSIVE DAMAGE!! (PAUSE)
You lost 2 mp, and now have 8/11 mp.
Unknown command.
Casting: Pain (safe; 10% risk of failure)
Confirm with . or Enter, or press ? or * to list all spells.
Aiming: Pain (safe; 10% risk of failure)
Press: ? - help, Shift-Dir - straight line, f/p - ogre
Aim: an ogre, wielding a +0 giant club (severely wounded, chance to affect: 83%)
You feel a surge of power!
The ogre barely resists. 😮 HP[-1] MP[-1]
You take 1 damage, and now have 30/44 hp.
You lost 1 mp, and now have 7/11 mp.
Casting: Pain (safe; 10% risk of failure)
Confirm with . or Enter, or press ? or * to list all spells.
Aiming: Pain (safe; 10% risk of failure)
Press: ? - help, Shift-Dir - straight line, f/p - ogre
Aim: an ogre, wielding a +0 giant club (severely wounded, chance to affect: 83%)
You feel a surge of power!
The ogre barely resists.
The ogre hits you with a +0 giant club!!
Ouch! That really hurt!
* * * LOW HITPOINT WARNING * * *
😱 HP[-25] MP[-1]
You take 25 damage, and now have 5/44 hp.
MASSIVE DAMAGE!! (PAUSE)
You lost 1 mp, and now have 6/11 mp.
Casting: Pain (safe; 10% risk of failure)
Confirm with . or Enter, or press ? or * to list all spells.
Aiming: Pain (safe; 10% risk of failure)
Press: ? - help, Shift-Dir - straight line, f/p - ogre
Aim: an ogre, wielding a +0 giant club (severely wounded, chance to affect: 83%)
You feel a surge of power!
The ogre barely resists.
The ogre hits you with a +0 giant club!!
You die...

Skill      XL: |  1  2  3  4  5 |
---------------+----------------+-----
Invocations    | 1 2 |  2.1
Fighting       | 1 |  1.9
Short Blades   | 1 |  1.9
Long Blades    | 1 |  1.9
Axes           | 1 |  1.9
Maces & Flails | 1 |  1.9
Polearms       | 1 |  1.9
Staves         | 1 |  1.9
Bows           | 1 |  1.9
Crossbows      | 1 |  1.9
Stealth        | 1 |  1.9
Shields        | 1 |  1.9
Unarmed Combat | 1 |  1.9
Evocations     | 1 |  1.9
Spellcasting   | 3 |  3.4
Conjurations   | 1 |  1.5
Hexes          | 1 |  1.5
Summonings     | 1 |  1.5
Translocations | 1 |  1.5
Transmutations | 1 |  1.5
Fire Magic     | 1 |  1.5
Ice Magic      | 1 |  1.5
Air Magic      | 1 |  1.5
Earth Magic    | 1 |  1.5
Poison Magic   | 1 |  1.5
Slings         | 3 |  3.2
Throwing       | 3 |  3.2
Dodging        | 3 |  3.2
Armour         | |  6.8
Necromancy     | |  5.6

Action                   |  1- 3 |  4- 6 || total
-------------------------+-------+-------++-------
Melee: Staff             |    34 |    18 ||    52
       Bite              |     3 |     1 ||     4
 Fire: Hunting sling     |    17 |       ||    17
 Cast: Pain              |    49 |    71 ||   120
  Use: Scroll            |     1 |       ||     1
       Potion            |       |     2 ||     2
Armor: Scale mail        |    52 |    18 ||    70
       Skin              |       |    38 ||    38
Dodge: Dodged            |    46 |    11 ||    57

Levels and vault maps discovered:
D:1:      dpeg_arrival_rhombi, layout_rooms, dilly_ecumenical_altar_fadedgnrine,
          hangedman_abyss_or_decor_lesser_grid, minmay_misc_feat_enclosed
D:2:      layout_basic
D:3:      layout_rooms, gammafunk_ghost_nasty_kobolds, minmay_fountain_box,
          kennysheep_generic_room_4
D:4:      layout_basic, temple_green, serial_shops, nicolae_shop_crystal

Notes
Turn   | Place    | Note
-------+----------+-------------------------------------------
     0 | D:1      | spaghetti the Gnoll Wanderer began the quest for the Orb.
     0 | D:1      | spaghetti set off with the following items: a +0 hunting
                  | sling {sling}, a +0 scale mail, a potion of attraction
                  | {!q}; and the following spell memorised: Pain; and the
                  | following spells available to memorise: Dispel Undead,
                  | Anguish
     0 | D:1      | Reached XP level 1. HP: 13/13 MP: 4/4
     0 | D:1      | magus.rc [v1.9.6]
   117 | D:1      | Reached XP level 2. HP: 17/19 MP: 3/5
   950 | D:1      | Reached XP level 3. HP: 24/25 MP: 5/7
  1249 | D:1      | Found a faded altar of an unknown god.
  1397 | D:2      | Reached skill level 1 in Invocations
  1419 | D:3      | Found a runed translucent gate.
  1420 | D:3      | Found a runed translucent gate.
  1420 | D:3      | Found a runed translucent gate.
  1420 | D:3      | Noticed Urgle's ghost (amateur GnFi)
  1420 | D:3      | Noticed a kobold brigand
  1437 | D:3      | HP: 6/25 [jackal (3)]
  1441 | D:3      | Reached skill level 1 in Fighting
  1441 | D:3      | Reached skill level 1 in Short Blades
  1441 | D:3      | Reached skill level 1 in Long Blades
  1441 | D:3      | Reached skill level 1 in Axes
  1441 | D:3      | Reached skill level 1 in Maces & Flails
  1441 | D:3      | Reached skill level 1 in Polearms
  1441 | D:3      | Reached skill level 1 in Staves
  1441 | D:3      | Reached skill level 1 in Bows
  1441 | D:3      | Reached skill level 1 in Crossbows
  1441 | D:3      | Reached skill level 1 in Stealth
  1441 | D:3      | Reached skill level 1 in Shields
  1441 | D:3      | Reached skill level 1 in Unarmed Combat
  1441 | D:3      | Reached skill level 1 in Evocations
  1860 | D:2      | You pick up a book of Cantrips and begin reading...
  1860 | D:2      | You add the spells Animate Skeleton, Summon Small Mammal
                  | and Apportation to your library.
  1865 | D:2      | Identified the ring "Quxtikav" {Fire rCorr}
  2061 | D:2      | Reached XP level 4. HP: 31/32 MP: 6/8
  2704 | D:3      | Reached skill level 3 in Spellcasting
  2707 | D:3      | Reached skill level 1 in Conjurations
  2707 | D:3      | Reached skill level 1 in Hexes
  2707 | D:3      | Reached skill level 1 in Summonings
  2707 | D:3      | Reached skill level 1 in Translocations
  2707 | D:3      | Reached skill level 1 in Transmutations
  2707 | D:3      | Reached skill level 1 in Fire Magic
  2707 | D:3      | Reached skill level 1 in Ice Magic
  2707 | D:3      | Reached skill level 1 in Air Magic
  2707 | D:3      | Reached skill level 1 in Earth Magic
  2707 | D:3      | Reached skill level 1 in Poison Magic
  2710 | D:3      | Reached XP level 5. HP: 29/37 MP: 0/9
  3226 | D:3      | Reached skill level 3 in Slings
  3226 | D:3      | Reached skill level 3 in Throwing
  3226 | D:3      | Reached skill level 3 in Dodging
  3568 | D:3      | Noticed an ice beast
  3574 | D:3      | Killed an ice beast
  3575 | D:3      | Reached skill level 2 in Invocations
  3575 | D:3      | Reached XP level 6. HP: 37/44 MP: 3/11
  3994 | D:4      | HP: 5/44 [ogre/+0 giant club (24)]
  3995 | D:4      | Demolished by an ogre

Vanquished Creatures
  An ice beast (D:3)
  A hound (D:3)
  3 orc wizards
  An adder (D:2)
  A worm (D:4)
  3 dart slugs
  5 orcs
  5 ball pythons
  5 bats
  6 endoplasms
  2 giant cockroaches
  9 hobgoblins
  6 jackals
  6 kobolds
  3 quokkas
  A frilled lizard (D:3)
  7 goblins
  7 rats
72 creatures vanquished.

Vanquished Creatures (others)
  3 fungi (D:3)
  A plant (D:3)
4 creatures vanquished.

Grand Total: 76 creatures vanquished

Table legend:
 A = Non-vault XP
 B = Vault XP
 C = Vault XP percentage of total XP
 D = Non-vault monster count
 E = Vault monster count
 F = Vault count percentage of total count
                 A         B        C        D         E       F
            +---------+---------+-------+---------+---------+-------
      Total |     420 |       2 |   0.5 |      71 |       1 |   1.4
            +---------+---------+-------+---------+---------+-------
        D:1 |      46 |       0 |   0.0 |      25 |       0 |   0.0
        D:2 |      36 |       0 |   0.0 |      16 |       0 |   0.0
        D:3 |     288 |       2 |   0.7 |      25 |       1 |   3.8
        D:4 |      50 |       0 |   0.0 |       5 |       0 |   0.0
            +---------+---------+-------+---------+---------+-------

Illustrated notes

Table legend:
 A = Kills in this place as a percentage of kills in entire the game.
 B = Kills by you in this place as a percentage of kills by you in the entire game.
 C = Kills by friends in this place as a percentage of kills by friends in the entire game.
 D = Other kills in this place as a percentage of other kills in the entire game.
 E = Experience gained in this place as a percentage of experience gained in the entire game.
 F = Experience gained in this place divided by the number of levels of this place that you have seen.
                   A       B       C       D       E      F
               +-------+-------+-------+-------+-------+----------------------
         Total | 100.0 | 100.0 |   N/A |   N/A | 100.0 | 105.5
       Dungeon | 100.0 | 100.0 |   N/A |   N/A | 100.0 | 105.5
               +-------+-------+-------+-------+-------+----------------------

Table legend: (Time is in decaauts)
 A = Elapsed time spent in this place.
 B = Non-inter-level travel time spent in this place.
 C = Inter-level travel time spent in this place.
 D = Time resting spent in this place.
 E = Time spent auto-exploring this place.
 F = Levels seen in this place.
 G = Mean time per level.
                   A        B        C        D        E       F      G
               +--------+--------+--------+--------+--------+-----+--------+
         Total |   4014 |   3870 |    144 |   1218 |   2205 |   4 | 1003.5 |
       Dungeon |   4014 |   3870 |    144 |   1218 |   2205 |   4 | 1003.5 |
               +--------+--------+--------+--------+--------+-----+--------+

Top non-repeatable levels by time:
     D:3: 1528 daAuts
     D:1: 1293 daAuts
     D:2: 984 daAuts
     D:4: 208 daAuts
